 Dungeon Crawl Stone Soup version 0.30.1-9-gdf580d7c3d (webtiles) character file.

Game seed: 12244449182207157252

56045 Scypho the Severer (level 14, -6/124 HPs)
             Began as a Minotaur Fighter on Oct 24, 2023.
             Was the Champion of Makhleb.
             Mangled by a death yak (14 damage)
             ... on level 4 of the Lair of Beasts.
             The game lasted 00:58:02 (19025 turns).

Scypho the Severer (Minotaur Fighter)              Turns: 19025, Time: 00:58:03

Health: -6/124     AC: 13    Str: 22    XL:     14   Next: 40%
Magic:  22/22      EV: 14    Int:  7    God:    Makhleb [******]
Gold:   1230       SH: 12    Dex: 12    Spells: 13/13 levels left

rFire   . . .        w - +2 war axe (flame)
rCold   . . .        c - +0 buckler
rNeg    . . .        C - +0 ring mail {rPois}
rPois   +            U - +2 hat {Will+}
rElec   .            o - +1 cloak
rCorr   .            Q - +0 pair of gloves
SInv    +            (no boots)
Will    ++...        L - amulet of reflection
Stlth   +            f - ring of flight
HPRegen 0.40/turn    O - ring of see invisible
MPRegen 0.18/turn

%: reflection
@: flying
A: horns 2, retaliatory headbutt
a: Renounce Religion, Minor Destruction, Lesser Servant of Makhleb, Major
Destruction, Greater Servant of Makhleb


You were on level 4 of the Lair of Beasts.
You worshipped Makhleb.
Makhleb was exalted by your worship.
You visited 3 branches of the dungeon, and saw 20 of its levels.
You also visited: Sewer.

You collected 1275 gold pieces.
You spent 45 gold pieces at shops.

Inventory:

Hand Weapons
 g - a +3 battleaxe
 w - a +2 war axe of flaming (weapon)
Missiles
 u - 17 boomerangs (quivered)
 G - 3 throwing nets
Armour
 c - a +0 buckler (worn)
 o - a +1 cloak (worn)
 C - a +0 ring mail of poison resistance (worn)
 Q - a +0 pair of gloves (worn)
 U - a +2 hat of willpower (worn)
Jewellery
 f - a ring of flight (left hand)
 A - an amulet of regeneration
 B - a ring of fire
 E - a ring of resist corrosion
 H - a ring of magical power
 L - an amulet of reflection (around neck)
 M - an amulet of the acrobat
 O - a ring of see invisible (right hand)
 S - a ring of positive energy
 W - a ring of fire
 X - a ring of protection from fire
Wands
 b - a wand of iceblast (12)
 j - a wand of flame (32)
 D - a wand of mindburst (13)
 I - a wand of paralysis (15)
 T - a wand of polymorph (6)
Scrolls
 a - 2 scrolls of enchant weapon
 i - 9 scrolls of identify
 k - 5 scrolls of blinking
 m - 4 scrolls of fog
 n - 6 scrolls of fear
 q - 3 scrolls of vulnerability
 r - 3 scrolls of magic mapping {unknown}
 t - 8 scrolls of teleportation
 y - 3 scrolls of immolation
 J - 3 scrolls of amnesia
 K - 2 scrolls of poison
Potions
 d - a potion of might
 e - 5 potions of curing
 h - 3 potions of flight
 l - 3 potions of cancellation
 p - 2 potions of haste
 v - 2 potions of magic
 x - 4 potions of mutation
 z - 4 potions of brilliance
 F - 5 potions of ambrosia
 N - a potion of resistance
 P - a potion of attraction
 R - a potion of degeneration {unknown}
 V - a potion of invisibility {unknown}


   Skills:
 + Level 11.4 Fighting
 - Level 16.0 Axes
 + Level 11.4 Armour
 + Level 9.9 Dodging
 + Level 11.5 Shields
 - Level 0.8 Translocations
 * Level 12.7 Invocations


You had 13 spell levels left.
You didn't know any spells.
Your spell library contained the following spells:

 Spells                   Type           Power      Damage    Failure   Level
 Sandblast                Erth           0%         2d4       61%         1
 Sting                    Tmut/Pois      0%         1d3       61%         1
 Ensorcelled Hibernation  Hex/Ice        0%         N/A       75%         2
 Passwall                 Tmut/Erth      0%         N/A       75%         2
 Poisonous Vapours        Pois/Air       0%         N/A       75%         2
 Gell's Gravitas          Tloc           1%         N/A       86%         3
 Teleport Other           Tloc           1%         N/A       86%         3
 Vhi's Electric Charge    Tloc/Air       0%         N/A       89%         3
 Spider Form              Tmut/Pois      0%         N/A       93%         3
 Stone Arrow              Conj/Erth      0%         3d7       93%         3
 Anguish                  Hex/Necr       0%         N/A       100%        4
 Animate Armour           Summ/Erth      0%         N/A       100%        4
 Animate Dead             Necr           0%         N/A       100%        4
 Cause Fear               Hex            0%         N/A       100%        4
 Olgreb's Toxic Radiance  Pois           0%         N/A       100%        4
 Arcjolt                  Conj/Air       0%         1d10      100%        5
 Borgnjor's Vile Clutch   Necr/Erth      0%         N/A       100%        5
 Death Channel            Necr           0%         N/A       100%        6
 Dispersal                Tloc           0%         N/A       100%        6
 Plasma Beam              Fire/Air       0%         2x1d11    100%        6
 Enfeeble                 Hex            0%         N/A       100%        7
 Lehudib's Crystal Spear  Conj/Erth      0%         10d2      100%        8


Dungeon Overview and Level Annotations

Branches:
Dungeon (15/15)            Temple (1/1) D:4            Lair (4/5) D:10
 Shoals (0/4) Lair:2       Spider (0/4) Lair:3          Orc (0/2) D:11
 Vaults (0/5) D:13         Depths (0/4) D:15          Sewer (visited)
  Slime: Lair:4-5

Altars:
Ashenzari
Cheibriados
Dithmenos
Elyvilon
Fedhas
Gozag
Hepliaklqana
Makhleb
Nemelex Xobeh
Ru
Sif Muna
Uskayaw
Wu Jian
Zin

Shops:
D:2 [   D:9 (   D:10 =

Annotations:
Lair:2 exclusion: oklob plant


Innate Abilities, Weirdness & Mutations

You have a pair of horns on your head.
You reflexively headbutt those who attack you in melee.


Message History

Press: ? - help, Q - select action, (/) - cycle Shift-Dir - straight line, f - death yak
Aim: a death yak (lightly wounded, 80% to hit)
You throw a boomerang.
The boomerang hits the death yak but does no damage.
Your smoke demon hits the death yak!
Your smoke demon hits the death yak but does no damage. x2
The blink frog blinks!
Throw: 17 boomerangs
Press: ? - help, Q - select action, (/) - cycle Shift-Dir - straight line, f/p - death yak
Aim: a death yak (lightly wounded, 80% to hit)
You throw a boomerang.
The boomerang hits the death yak but does no damage.
Your smoke demon gestures at the death yak.
The sticky flame hits the death yak.
The death yak is covered in liquid flames!
The death yak burns!
The blink frog blinks!
The death yak burns!
Your smoke demon gestures at the death yak.
The sticky flame hits the death yak.
The death yak is covered in liquid flames!
The death yak burns!
The death yak burns!
The death yak gores something!!
Throw: 17 boomerangs
Press: ? - help, Q - select action, (/) - cycle Shift-Dir - straight line, f/p - death yak
Aim: a death yak (lightly wounded, 80% to hit)
You throw a boomerang. The death yak bellows!
The boomerang hits the death yak.
The death yak burns!
You slash the death yak! You burn the death yak. You headbutt the death yak.
The death yak burns!
You hit the death yak but do no damage. You headbutt the death yak.
The death yak burns!
The death yak gores you but does no damage.
The blink frog blinks!
You barely miss the death yak.
The death yak burns!
The death yak gores you!!
* * * LOW HITPOINT WARNING * * *
The death yak burns!
The death yak attacks as you move away! The death yak gores you!
You die...

.......# F. #...###.# F+ ..### ##
######F. .+#### #.##.... †....#
#....### .....## ### ##.##...#
.....P####.##### ### ###.....†..
.....'.....#...####Y###P#........
.....##..#......@YY..F.§.§.......
......##########.##.###..........
......# ##.### #P#........
.....P# ## ###........ ......#
##[###### .....## ### .....#
.#..## ##.##


You could see 3 death yaks and a blink frog.

Vanquished Creatures
  Gastronok (Lair:2)
  Agnes (D:15)
  A dire elephant (D:15)
  A yaktaur captain (D:13)
  3 hydras
  An ogre mage (D:15)
  2 boulder beetles
  6 two-headed ogres
  A centaur warrior (D:14)
  9 death yaks
  A tengu warrior (D:10)
  Nergalle (D:12)
  A skyshark (Lair:2)
  15 slime creatures
  Pikel (D:5)
  2 orc knights
  3 manticores
  A wolf spider (D:15)
  3 cyclopes
  7 ugly things (D:14)
  2 black mambas (Lair:3)
  A merfolk siren (Lair:2)
  5 gargoyles
  Maggie (D:6)
  A rime drake (Lair:2)
  8 cane toads
  2 kobold demonologists (D:10)
  2 yaktaurs (D:13)
  5 komodo dragons
  A tengu conjurer (D:10)
  A polar bear (Lair:2)
  A queen bee (D:9)
  3 trolls
  Prince Ribbit (D:5)
  3 blink frogs (Lair:3)
  A hornet (D:9)
  7 dream sheep
  5 wraiths
  4 shadows
  A centaur simulacrum (D:14)
  A culicivora (Lair:3)
  14 yaks
  3 wyverns
  3 basilisks
  Edmund (D:5)
  6 vampire mosquitoes
  Menkaure (D:7)
  A warg (D:11)
  2 acid dragons
  6 water moccasins
  7 orc warriors
  A sky beast (D:7)
  2 black bears
  2 ogres
  15 wolves
  A centaur (D:7)
  A lemure (D:5)
  A phantom (D:5)
  10 kobold brigands
  3 gnoll sergeants
  12 bullfrogs
  4 scorpions
  9 wights
  46 killer bees
  2 electric eels
  4 howler monkeys
  2 jellies
  7 orc priests
  3 hounds
  6 iguanas
  3 sleepcaps
  Jessica (D:2)
  19 orc wizards
  17 gnolls
  17 adders
  3 river rats
  4 shadow imps
  2 white imps
  An ufetubus (D:5)
  A worm (D:2)
  2 dart slugs (D:1)
  44 orcs
  6 bats
  3 endoplasms
  4 giant cockroaches
  12 goblins
  8 hobgoblins
  9 jackals
  33 kobolds
  5 quokkas
  10 ball pythons
  5 frilled lizards
  8 rats
509 creatures vanquished.

Vanquished Creatures (collateral kills)
  The ghost of monsoonserge the Protected, a journeyman DsWr of Makhleb (D:12)
  Sonja (Lair:2)
  A black mamba (Lair:2)
  2 blink frogs (Lair:4)
  A human (shapeshifter) (D:14)
  2 orc warriors (D:12)
  An orc priest (D:12)
  An orc (D:12)
10 creatures vanquished.

Vanquished Creatures (others)
  A wolf (Lair:2)
  An orc wizard (D:4)
2 creatures vanquished.

Grand Total: 521 creatures vanquished

Notes
Turn   | Place    | Note
-------+----------+-------------------------------------------
     0 | D:1      | Scypho the Minotaur Fighter began the quest for the Orb.
     0 | D:1      | Reached XP level 1. HP: 19/19 MP: 0/0
   396 | D:1      | Reached XP level 2. HP: 27/27 MP: 1/1
   521 | D:1      | Reached skill level 3 in Axes
   546 | D:1      | Found a faded altar of an unknown god.
   550 | D:1      | Reached XP level 3. HP: 30/33 MP: 2/2
   801 | D:2      | Noticed Jessica
   808 | D:2      | Killed Jessica
   809 | D:2      | Reached skill level 4 in Axes
   837 | D:2      | Reached XP level 4. HP: 39/40 MP: 3/3
   962 | D:2      | Reached skill level 5 in Axes
  1038 | D:2      | Found Riasch's Armour Boutique.
  1042 | D:2      | Bought a +0 cloak for 45 gold pieces
  1745 | D:3      | Reached XP level 5. HP: 32/46 MP: 4/4
  1820 | D:3      | Reached skill level 6 in Axes
  2208 | D:3      | Found a glowing drain.
  2225 | Sewer    | Entered a sewer
  2329 | Sewer    | Reached skill level 7 in Axes
  2372 | Sewer    | Reached XP level 6. HP: 52/52 MP: 5/5
  2409 | Sewer    | Reached skill level 8 in Axes
  3182 | D:4      | Reached XP level 7. HP: 50/58 MP: 6/6
  3202 | D:4      | Reached skill level 9 in Axes
  3233 | D:4      | Found a staircase to the Ecumenical Temple.
  3247 | Temple   | Entered the Ecumenical Temple
  3252 | Temple   | Became a worshipper of Makhleb the Destroyer
  3849 | D:4      | Reached skill level 10 in Axes
  3858 | D:4      | Found a white marble altar of Elyvilon.
  3866 | D:4      | Found a blossoming altar of Fedhas.
  3871 | D:4      | Found a glowing silver altar of Zin.
  3882 | D:4      | Found a hazy altar of Hepliaklqana.
  3889 | D:4      | Found an ornate altar of the Wu Jian Council.
  3894 | D:4      | Found an opulent altar of Gozag.
  3901 | D:4      | Found a snail-covered altar of Cheibriados.
  4488 | D:5      | Entered Level 5 of the Dungeon
  4488 | D:5      | Noticed Pikel
  4506 | D:5      | Killed Pikel
  4507 | D:5      | Reached skill level 11 in Axes
  4507 | D:5      | Reached XP level 8. HP: 55/66 MP: 7/7
  4571 | D:5      | Noticed Prince Ribbit
  4600 | D:5      | Killed Prince Ribbit
  4601 | D:5      | Reached skill level 12 in Axes
  4735 | D:5      | Found a hide-covered altar of Uskayaw.
  4840 | D:5      | Noticed Edmund
  4854 | D:5      | Killed Edmund
  4855 | D:5      | Reached skill level 13 in Axes
  4907 | D:5      | Reached * piety under Makhleb
  5352 | D:6      | Noticed Maggie
  5411 | D:6      | Reached XP level 9. HP: 69/71 MP: 8/8
  5498 | D:6      | Killed Maggie
  5499 | D:6      | Reached skill level 14 in Axes
  5647 | D:6      | Found a sacrificial altar of Ru.
  5807 | D:6      | Reached skill level 15 in Axes
  6804 | D:7      | Found a sparkling altar of Nemelex Xobeh.
  7030 | D:7      | Reached skill level 16 in Axes
  7034 | D:7      | Reached ** piety under Makhleb
  7050 | D:7      | Reached skill level 1 in Invocations
  7094 | D:7      | Noticed Menkaure
  7097 | D:7      | Killed Menkaure
  7098 | D:7      | Reached skill level 1 in Dodging
  7230 | D:8      | Reached XP level 10. HP: 80/80 MP: 10/10
  7404 | D:8      | You are sucked into a shaft and drop 2 floors!
  7404 | D:10     | Entered Level 10 of the Dungeon
  7548 | D:9      | Found a shimmering blue altar of Sif Muna.
  7693 | D:8      | Reached *** piety under Makhleb
  8196 | D:9      | Reached skill level 5 in Shields
  8200 | D:9      | Reached skill level 5 in Fighting
  8200 | D:9      | Reached skill level 5 in Armour
  8465 | D:9      | Found Lintis's Antique Weapon Boutique.
  8490 | D:9      | Reached skill level 5 in Invocations
  8519 | D:9      | Noticed a two-headed ogre
  8530 | D:9      | Killed a two-headed ogre
  8571 | D:9      | Reached XP level 11. HP: 89/89 MP: 14/14
  8611 | D:9      | Identified the +0 chain mail of the Game of Life {Harm}
  8764 | D:9      | Reached **** piety under Makhleb
  8884 | D:10     | Found Qubbayso's Jewellery Shoppe.
  8957 | D:10     | Found a staircase to the Lair.
  9417 | D:10     | Noticed a tengu warrior
  9439 | D:10     | Reached skill level 5 in Dodging
  9444 | D:10     | Killed a tengu warrior
  9766 | D:11     | Found a staircase to the Orcish Mines.
  9840 | D:11     | Reached ***** piety under Makhleb
  9855 | D:11     | Identified the +7 whip "Fuadajuu" {distort, Int+2}
 10086 | D:11     | Noticed a two-headed ogre
 10100 | D:11     | Killed a two-headed ogre
 10454 | D:12     | Found a runed translucent gate.
 10454 | D:12     | Found a runed translucent gate.
 10460 | D:12     | Found a runed translucent gate.
 10461 | D:12     | Noticed monsoonserge's ghost (journeyman DsWr)
 10464 | D:12     | Identified the +0 plate armour "Atezaroo" {+Blink}
 10496 | D:12     | Reached XP level 12. HP: 83/101 MP: 17/17
 10521 | D:12     | Killed monsoonserge's ghost
 10538 | D:12     | Identified the +2 helmet of Voas Puip {rF+ Str+2 Slay+5}
 10701 | D:12     | Noticed Nergalle
 10725 | D:12     | Killed Nergalle
 10857 | D:12     | Noticed a boulder beetle
 10885 | D:12     | Killed a boulder beetle
 11344 | D:13     | Noticed a two-headed ogre
 11357 | D:13     | Killed a two-headed ogre
 11524 | D:13     | Found a gate to the Vaults.
 11527 | D:13     | Noticed a yaktaur captain
 11545 | D:13     | Killed a yaktaur captain
 12749 | D:14     | Found a glowing silver altar of Zin.
 12749 | D:14     | Noticed an angel
 12783 | D:14     | Noticed a centaur warrior
 12793 | D:14     | Killed a centaur warrior
 12873 | D:14     | Reached skill level 10 in Invocations
 13012 | D:14     | Found a frozen archway.
 13313 | D:14     | Noticed a boulder beetle
 13325 | D:14     | Killed a boulder beetle
 13425 | D:14     | Reached XP level 13. HP: 111/111 MP: 19/19
 13969 | D:15     | Entered Level 15 of the Dungeon
 14180 | D:15     | Reached skill level 10 in Shields
 14208 | D:15     | Noticed a dire elephant
 14224 | D:15     | Reached skill level 10 in Armour
 14231 | D:15     | Killed a dire elephant
 14232 | D:15     | Reached skill level 10 in Fighting
 14236 | D:15     | Found a staircase to the Depths.
 14911 | D:15     | Reached ****** piety under Makhleb
 14993 | D:15     | Noticed Agnes
 15003 | D:15     | Killed Agnes
 15366 | Lair:1   | Entered Level 1 of the Lair of Beasts
 16277 | Lair:2   | Noticed Gastronok
 16303 | Lair:2   | Noticed Sonja
 16323 | Lair:2   | Killed Sonja
 16332 | Lair:2   | Killed Gastronok
 16454 | Lair:2   | You are sucked into a shaft and drop 1 floor!
 16493 | Lair:3   | Reached XP level 14. HP: 68/122 MP: 22/22
 16500 | Lair:3   | Found a hole to the Spider Nest.
 16908 | Lair:2   | Identified the +0 leather armour of Olaylip {rPois Int+3}
 17348 | Lair:2   | Found a staircase to the Shoals.
 19025 | Lair:4   | Mangled by a death yak

Illustrated notes

Levels and vault maps discovered:
D:1:      dpeg_arrival_arbitrary_a, layout_rooms,
          shapermc_ecumenical_altar_starsandcircs
D:2:      layout_basic, serial_forest, infiniplex_forest_zigzag_1,
          infiniplex_forest_lined_2, infiniplex_forest_lined_2,
          infiniplex_forest_corner_1, infiniplex_forest_clump_tiny,
          serial_shops, nicolae_shop_trees, glass_columns_a, roderic_lattice_a,
          kennysheep_generic_room_13, uniq_jessica
D:3:      layout_loops_ring, portal_sewer_entry_b
D:4:      layout_layer_cave, grunt_temple_overflow_octagram,
          minmay_temple_entry_arrows
D:5:      layout_basic, kennysheep_mini, uniq_edmund, uniq_pikel,
          uniq_prince_ribbit1
D:6:      layout_cave_pools, nicolae_ru_sacrificial_ziggurat, uniq_maggie
D:7:      layout_basic, nemelex_diamond_rough_becter, serial_curves,
          eino_curves_03, eino_curves_03, eino_curves_02, uniq_menkaure
D:8:      layout_loops_cross
D:9:      layout_roguey [special_room_bee], mainiacjoe_overflow_cross_hatched,
          serial_shops, shop_fountains
D:10:     layout_long_grid, due_lair_maze_entry_diamond, serial_shops,
          nicolae_square_shop
D:11:     layout_rooms, david_orc_1_choice, minmay_fountain_box
D:12:     layout_roguey, biasface_ghost_orc_armoury, uniq_nergalle
D:13:     layout_basic, david_vaults_2
D:14:     layout_gridville, hangedman_decor_lopped,
          portal_ice_cave_entry_ugly_swarm, zin_angel
D:15:     hangedman_depths_entry_try_elsewhere_first, layout_irregular_city,
          serial_rivers, chequers_serial_rivers_large_a,
          chequers_serial_rivers_room_b, chequers_serial_rivers_marsh,
          chequers_serial_rivers_room_a, chequers_serial_rivers_micro_a,
          uniq_agnes
Temple:   nicolae_temple_ecumenical_triangle
Lair:1:   layout_loops_ring, serial_bayou_ford_a
Lair:2:   layout_cave_pods, elwin_shoals_entry_rooms,
          lightli_volcano_entry_magma_tube, minmay_lair_oklob_items,
          serial_bayou_shore_a, uniq_sonja, uniq_gastronok
Lair:3:   layout_small_grid, spider_nest_entry_rubble
Lair:4:   layout_roguey

Skill      XL: |  1  2  3  4  5  6  7  8  9 10 11 12 13 14 |
---------------+-------------------------------------------+-----
Shields        | 4 6 8 9 10 11 | 11.5
Axes           | 3 4 5 7 8 11 13 16 | 16.0
Fighting       | 4 6 7 9 10 11 | 11.4
Armour         | 4 6 7 9 10 11 | 11.4
Invocations    | 1 5 8 10 12 | 12.7
Dodging        | 1 4 6 7 9 |  9.9
Translocations | |  0.8

Action                     |  1- 3 |  4- 6 |  7- 9 | 10-12 | 13-15 || total
---------------------------+-------+-------+-------+-------+-------++-------
  Melee: War axe           |    65 |   191 |   252 |   631 |   444 ||  1583
         Headbutt          |     5 |    24 |    33 |   132 |   100 ||   294
  Throw: Boomerang         |       |       |       |       |     7 ||     7
 Invoke: Lesser Servant of |       |       |       |     3 |     4 ||     7
    Use: Scroll            |       |     7 |     2 |    14 |     7 ||    30
         Potion            |       |     1 |     1 |     8 |     7 ||    17
   Stab: Distracted        |       |       |       |     2 |     1 ||     3
 Armour: Scale mail        |    31 |    67 |    59 |       |       ||   157
         Skin              |       |       |     2 |       |       ||     2
         Ring mail         |       |       |    16 |   129 |    77 ||   222
  Dodge: Dodged            |    39 |    66 |    61 |   293 |   163 ||   622
  Block: Buckler           |    14 |    41 |    42 |   130 |   196 ||   423
         Reflection        |       |       |       |     2 |     3 ||     5
